 Dungeon Crawl Stone Soup version 0.30.0-16-gbe6223bb7e (webtiles) character file.

Game seed: 6009908231593138403

98 SleepySteel the Trooper (level 4, -1/45 HPs)
             Began as an Ogre Hexslinger on May 20, 2023.
             Slain by an adder (3 damage)
             ... on level 4 of the Dungeon.
             The game lasted 00:07:57 (2727 turns).

SleepySteel the Trooper (Ogre Hexslinger)           Turns: 2727, Time: 00:07:58

Health: -1/45      AC:  3    Str: 14    XL:     4   Next: 71%
Magic:  5/5        EV: 10    Int: 14    God:
Gold:   190        SH:  0    Dex: 11    Spells: 2/5 levels left

rFire   . . .        r - +1 falchion (freeze)
rCold   . . .        (no shield)
rNeg    . . .        c - +0 robe
rPois   .            (helmet restricted)
rElec   .            (no cloak)
rCorr   .            (gloves unavailable)
SInv    .            (boots unavailable)
Will    .....        k - amulet of regeneration
Stlth   +            (no ring)
HPRegen 1.07/turn    (no ring)
MPRegen 0.09/turn

%: no passive effects
@: lethally poisoned (-1 -> -9), attractive
A: large, unfitting armour, tough skin 1
a: no special abilities


You were on level 4 of the Dungeon.
You visited 1 branch of the dungeon, and saw 4 of its levels.

You collected 201 gold pieces.
You spent 11 gold pieces at shops.

Inventory:

Hand Weapons
 a - a +1 sling
 r - a +1 falchion of freezing (weapon)
Missiles
 h - 23 stones
 i - 5 boomerangs
 l - 5 silver boomerangs
 m - 12 poisoned darts
Armour
 c - a +0 robe (worn)
Jewellery
 k - an amulet of regeneration (around neck)
Wands
 p - a wand of quicksilver (9)
Scrolls
 d - 2 scrolls of teleportation {unknown}
 j - a scroll of amnesia {unknown}
 q - a scroll of identify {unknown}
 s - a scroll of summoning {unknown}
 t - a scroll of magic mapping {unknown}
Potions
 e - a potion of berserk rage
 f - a potion of attraction
 g - a potion of brilliance {unknown}
 n - 2 potions of mutation {unknown}
 o - a potion of heal wounds {unknown}


   Skills:
 * Level 3.1 Fighting
 - Level 3.0 Ranged Weapons
 - Level 1.0 Throwing
 - Level 1.7 Dodging
 - Level 1.2 Spellcasting
 - Level 2.6 Hexes


You had 2 spell levels left.
You knew the following spells:

 Your Spells              Type           Power      Damage    Failure   Level
a - Slow                  Hex            32%        N/A       9%          1
b - Ensorcelled Hibernat  Hex/Ice        8%         N/A       22%         2

Your spell library contained the following spells:

 Spells                   Type           Power      Damage    Failure   Level
 Magic Dart               Conj           0%         1d3       26%         1
 Sting                    Tmut/Pois      0%         1d3       26%         1
 Call Imp                 Summ           0%         N/A       36%         2
 Cigotuvi's Dreadful Rot  Necr/Pois/Air  0%         N/A       36%         2
 Inner Flame              Hex/Fire       4%         N/A       41%         3
 Portal Projectile        Hex/Tloc       8%         N/A       41%         3
 Gell's Gravitas          Tloc           0%         N/A       61%         3
 Mephitic Cloud           Conj/Pois/Air  0%         N/A       61%         3
 Spider Form              Tmut/Pois      0%         N/A       61%         3
 Teleport Other           Tloc           0%         N/A       61%         3
 Cause Fear               Hex            4%         N/A       65%         4
 Anguish                  Hex/Necr       2%         N/A       83%         4
 Olgreb's Toxic Radiance  Pois           0%         N/A       95%         4
 Dispersal                Tloc           0%         N/A       100%        6


Dungeon Overview and Level Annotations

Branches:
Dungeon (4/15)
 Temple: D:4-7

Altars:

Shops:
D:1 !   D:2 :=


Innate Abilities, Weirdness & Mutations

You are too large for most types of armour.
You have tough skin. (AC +1)


Message History

You barely miss the adder.
You feel very sick. The adder bites you but does no damage.
You barely miss the adder.
You feel very sick. The adder closely misses you. The adder barely misses you.
You closely miss the adder.
You feel sick. The adder bites you. The adder barely misses you.
You closely miss the adder.
You feel sick. The scorpion barely misses you. The adder barely misses you.
The scorpion stings you but does no damage.
You hit the adder. You freeze the adder.
The adder is heavily wounded.
You feel sick. The adder bites you.
You are more poisoned.
The adder poisons you!
The scorpion stings you but does no damage.
The adder bites you.
You are more poisoned.
The adder poisons you!
You closely miss the scorpion.
You feel very sick. The scorpion stings you. The adder bites you.
The scorpion stings you.
* * * LOW HITPOINT WARNING * * *
The adder bites you but does no damage.
Unknown command.
You barely miss the scorpion.
You feel very sick. The scorpion closely misses you.
The adder closely misses you. The scorpion stings you.
* * * LOW HITPOINT WARNING * * *
You are lethally poisoned!
The scorpion poisons you!
Unknown command.
It was a potion of attraction.
You feel attractive to monsters.
* * * LOW HITPOINT WARNING * * *
You feel very sick. The adder bites you.
You die...

#.. ##.## ..... #....
##...### #.... .......
#.... ...#.# ####.....#
#S##.# ..##..... #@##.#
#.##..#.## #s##.#######
##.##.....######...........
#.......#))...#####.######
#..##.....###.# ##..#####
#..##..#.## #.#
#....s..##.# ..<......# #.#
#.#####|...# #.########
#.####.# #..#.# ...#
#.#.##..# #..# #


You could see a scorpion and an adder.

Vanquished Creatures
  An orc wizard (D:4)
  An adder (D:2)
  2 dart slugs
  3 orcs
  A bat (D:3)
  6 endoplasms
  4 giant cockroaches
  6 goblins
  3 hobgoblins
  3 jackals (D:3)
  5 kobolds
  6 quokkas
  4 ball pythons
  A frilled lizard (D:3)
  5 rats
51 creatures vanquished.

Notes
Turn   | Place    | Note
-------+----------+-------------------------------------------
     0 | D:1      | SleepySteel the Ogre Hexslinger began the quest for the
                  | Orb.
     0 | D:1      | Reached XP level 1. HP: 19/19 MP: 2/2
   215 | D:1      | Reached XP level 2. HP: 27/27 MP: 3/3
   404 | D:1      | Reached skill level 1 in Throwing
   415 | D:1      | Learned a level 2 spell: Ensorcelled Hibernation
   830 | D:1      | Found Qaneg's Distillery.
   838 | D:1      | Bought a potion of degeneration for 11 gold pieces
  1096 | D:2      | Reached XP level 3. HP: 28/33 MP: 4/4
  1427 | D:2      | Got Baantut's Lessons on the Snake
  1448 | D:2      | Found Xuniargh's Book Emporium.
  1524 | D:2      | Found Tovuhim's Jewellery Shoppe.
  2001 | D:3      | Reached XP level 4. HP: 41/41 MP: 5/5
  2696 | D:4      | Noticed a scorpion
  2727 | D:4      | HP: 2/45 [poisoned by a scorpion]
  2727 | D:4      | Slain by an adder

Illustrated notes

Levels and vault maps discovered:
D:1:      lightli_arrival_farm, layout_loops_corners, serial_shops, shop,
          serial_forest, infiniplex_forest_clump_double,
          infiniplex_forest_clump_double, infiniplex_forest_end_2,
          infiniplex_forest_straight_2, infiniplex_forest_lined_3,
          infiniplex_forest_lined_ring, infiniplex_forest_straight_1,
          infiniplex_forest_straight_3
D:2:      layout_loops_cross, serial_shops, nicolae_shop_crystal, shop
D:3:      layout_basic, hex_large, kennysheep_generic_room_11
D:4:      layout_loops_ring, nicolae_yredelemnul_corpse_copse,
          mainiacjoe_overflow_brackets, minmay_temple_entry_grid, minmay_vboxes,
          uniq_menkaure

Skill      XL: |  1  2  3  4 |
---------------+-------------+-----
Throwing       | 1 |  1.0
Ranged Weapons | 2 3 |  3.0
Fighting       | 3 |  3.1
Dodging        | |  1.7
Spellcasting   | |  1.2
Hexes          | |  2.6

Action                     |  1- 3 |  4- 6 || total
---------------------------+-------+-------++-------
  Melee: Falchion          |       |    26 ||    26
   Fire: Sling             |   138 |    18 ||   156
  Throw: Stone             |     5 |       ||     5
   Cast: Slow              |     1 |       ||     1
         Ensorcelled Hiber |       |     1 ||     1
    Use: Potion            |       |     2 ||     2
         Scroll            |       |     1 ||     1
   Stab: Sleeping          |       |     2 ||     2
 Armour: Robe              |    31 |     7 ||    38
  Dodge: Dodged            |    30 |    23 ||    53
